 Dungeon Crawl Stone Soup version 0.29.1-12-g30fa7ad0bf (webtiles) character file.

Game seed: 15099796129362896767

101441 devnull the Black Sun (level 15, -15/120 HPs)
             Began as a Demonspawn Necromancer on Jan 3, 2023.
             Was a High Priest of Kikubaaqudgha.
             Killed from afar by Ilsuiw (49 damage)
             ... with a shard of ice
             ... on level 2 of the Shoals on Jan 14, 2023.
             The game lasted 02:32:01 (37305 turns).

devnull the Black Sun (Demonspawn Necromancer)     Turns: 37305, Time: 02:32:02

Health: -15/120    AC: 24    Str: 13    XL:     15   Next: 83%
Magic:  10/31      EV: 13    Int: 26    God:    Kikubaaqudgha [*****.]
Gold:   1125       SH: 17    Dex: 18    Spells: 9/38 levels left

rFire   . . .      SeeInvis .   a - +8 hand axe of Balance {freeze, Str+4 Int+4 Dex+3}
rCold   . . .      Faith    .   x - +1 kite shield
rNeg    . . .      Spirit   .   T - +0 steam dragon scales
rPois   .          Reflect  +   (helmet restricted)
rElec   .          Harm     .   s - +1 cloak
rCorr   .          Rampage  .   f - +1 pair of gloves
Will    +....                   (no boots)
Stlth   ++........              r - amulet of reflection
HPRegen 0.30/turn               Q - ring of flight
MPRegen 0.22/turn               g - +4 ring of protection

@: mighty, sanguine armoured, animating dead (expiring), flying, mesmerised
A: horns 1, icemail 1, powered by pain 2, sanguine armour 2, condensation shield
a: Renounce Religion, Unearth Wretches, Torment


You were on level 2 of the Shoals.
You worshipped Kikubaaqudgha.
Kikubaaqudgha was extremely pleased with you.
You visited 4 branches of the dungeon, and saw 23 of its levels.

You collected 2490 gold pieces.
You spent 1365 gold pieces at shops.

Inventory:

Hand Weapons
 a - the +8 hand axe of Balance (weapon) {freeze, Str+4 Int+4 Dex+3}
   (You found it on level 2 of the Dungeon)

   It freezes those it strikes, dealing additional cold damage.
   It can also slow down cold-blooded creatures.
   Str:       It affects your strength (+4).
   Int:       It affects your intelligence (+4).
   Dex:       It affects your dexterity (+3).
 b - the +5 sling "Starlight" {vorpal, *Slow rElec rF+ Dex+4}
   (You found it on level 8 of the Dungeon)

   Any ammunition fired from it inflicts extra damage upon your enemies.
   Dex:       It affects your dexterity (+4).
   rF:        It protects you from fire.
   rElec:     It insulates you from electricity.
   *Slow:     It may slow you when you take damage.
 H - the +1 eveningstar "Duli" {drain, rElec rPois rN++ Stlth+}
   (You found it on level 4 of the Dungeon)

   A truly terrible weapon, it drains the life of any living foe it strikes.
   rElec:     It insulates you from electricity.
   rPois:     It protects you from poison.
   rN:        It greatly protects you from negative energy.
   Stlth:     It makes you more stealthy.
Missiles
 t - 10 curare-tipped darts
 Z - 16 silver boomerangs
Armour
 f - a +1 pair of gloves (worn)
 s - a +1 cloak (worn)
 x - a +1 kite shield (worn)
 A - a +1 robe of cold resistance
 T - +0 steam dragon scales (worn)
Jewellery
 g - a +4 ring of protection (right hand)
 m - a ring of willpower
 r - an amulet of reflection (around neck)
 w - a ring of protection from cold
 E - a ring of protection from cold
 P - a +6 ring of intelligence
 Q - a ring of flight (left hand)
Wands
 l - a wand of iceblast (27)
 J - a wand of digging (12)
 L - a wand of acid (28)
 S - a wand of paralysis (22)
 V - a wand of flame (15)
 Y - a wand of mindburst (17)
Scrolls
 c - 6 scrolls of blinking
 i - 4 scrolls of silence
 j - 9 scrolls of teleportation
 n - 3 scrolls of vulnerability
 o - 2 scrolls of noise
 q - 2 scrolls of enchant armour
 y - 3 scrolls of identify
 C - 2 scrolls of amnesia
 D - 4 scrolls of butterflies
 G - 2 scrolls of magic mapping
 I - 3 scrolls of enchant weapon
 N - 3 scrolls of fear
 O - 2 scrolls of brand weapon
 W - 4 scrolls of torment
Potions
 d - a potion of invisibility
 e - 5 potions of haste
 h - 8 potions of mutation
 k - 10 potions of curing
 p - 8 potions of degeneration
 u - 5 potions of magic
 v - 3 potions of lignification
 z - 4 potions of flight
 B - 2 potions of heal wounds
 F - a potion of cancellation
 K - 5 potions of attraction
 M - 2 potions of berserk rage
 U - 4 potions of brilliance
 X - a potion of might
Miscellaneous
 R - a condenser vane


   Skills:
 - Level 12.0 Fighting
 - Level 6.1 Axes
 - Level 8.0 Armour
 - Level 5.0 Dodging
 - Level 1.7 Stealth
 + Level 8.1 Shields
 - Level 12.0 Spellcasting
 - Level 18.0 Necromancy
 - Level 8.0 Evocations


You had 9 spell levels left.
You knew the following spells:

 Your Spells              Type           Power      Damage    Failure   Level
a - Necrotise             Necr           100%       1d9       0%          1
b - Vampiric Draining     Necr           83%        2d11      0%          3
c - Animate Dead          Necr           83%        N/A       1%          4
d - Agony                 Necr           83%        N/A       1%          5
e - Sublimation of Blood  Necr           83%        N/A       0%          2
f - Anguish               Hex/Necr       29%        N/A       2%          4
g - Dispel Undead         Necr           83%        3d27      1%          4
h - Simulacrum            Ice/Necr       29%        N/A       34%         6

Your spell library contained the following spells:

 Spells                   Type           Power      Damage    Failure   Level
 Borgnjor's Vile Clutch   Necr/Erth      29%        N/A       6%          5
 Corpse Rot               Necr/Pois/Air  46%        N/A       8%          4
 Beastly Appendage        Tmut           30%        N/A       9%          1
 Foxfire                  Conj/Fire      60%        2x1d7     9%          1
 Magic Dart               Conj           60%        1d6       9%          1
 Call Imp                 Summ           15%        N/A       14%         2
 Ensorcelled Hibernation  Hex/Ice        30%        N/A       14%         2
 Passwall                 Tmut/Erth      12%        N/A       14%         2
 Wereblood                Tmut           15%        N/A       14%         2
 Conjure Flame            Conj/Fire      15%        6-21      26%         3
 Frozen Ramparts          Ice            30%        1d5       26%         3
 Inner Flame              Hex/Fire       15%        N/A       26%         3
 Mephitic Cloud           Conj/Pois/Air  15%        N/A       26%         3
 Spider Form              Tmut/Pois      15%        N/A       26%         3
 Swiftness                Air            15%        N/A       26%         3
 Flame Wave               Conj/Fire      15%        2d7       65%         4
 Ice Form                 Ice/Tmut       15%        N/A       65%         4
 Leda's Liquefaction      Hex/Erth       7%         N/A       65%         4
 Petrify                  Tmut/Erth      15%        N/A       65%         4
 Summon Ice Beast         Ice/Summ       15%        N/A       65%         4
 Irradiate                Conj/Tmut      7%         3d14      94%         5
 Lee's Rapid Deconstruct  Erth           7%         3d8*      94%         5
 Conjure Ball Lightning   Conj/Air       7%         3x3d6     100%        6
 Statue Form              Tmut/Erth      10%        N/A       100%        6
 Summon Hydra             Summ           7%         N/A       100%        7
 Discord                  Hex            7%         N/A       100%        8
 Disjunction              Tloc           7%         N/A       100%        8


Dungeon Overview and Level Annotations

Branches:
Dungeon (15/15)            Temple (1/1) D:7            Lair (5/5) D:10
 Shoals (2/4) Lair:3       Spider (0/4) Lair:2        Slime (0/5) Lair:5
    Orc (0/2) D:9          Vaults (0/5) D:14         Depths (0/4) D:15

Altars:
Ashenzari
Cheibriados
Dithmenos
Fedhas
Gozag
Hepliaklqana
Kikubaaqudgha
Makhleb
Nemelex Xobeh
Okawaru
Qazlal
Ru
Sif Muna
Trog
Uskayaw
Vehumet
Wu Jian
Xom
Yredelemnul
Jiyva

Shops:
D:4 *   D:8 *   D:9 =

Annotations:
D:9 2 transporters, LustLizard's ghost, journeyman MiMo
D:12 1 runed translucent door, nroviw's ghost, journeyman TrGl
D:13 3 runed translucent doors, Unie's ghost, journeyman GnWr
Lair:4 3 runed translucent doors, FexLirch's ghost, journeyman SpEn; Gutwoarch's ghost, journeyman GnDe; Qadapt's ghost, journeyman TeSu
Shoals:2 Ilsuiw


Innate Abilities, Weirdness & Mutations

You have a pair of small horns on your head.
A meltable icy envelope protects you from harm. (AC +0)
You sometimes gain power by taking damage.
When seriously injured, your blood forms thick armour. (AC +9)
A meltable shield of frost defends you. (SH +0)


Message History

Confirm with . or Enter, or press ? or * to list all spells.
You can't see any susceptible monsters within range! (Use Z to cast anyway.)
Casting: Vampiric Draining (safe; 0% risk of failure)
Confirm with . or Enter, or press ? or * to list all spells.
Aiming: Vampiric Draining (safe; 0% risk of failure)
Press: ? - help, Shift-Dir - straight line
Aim: Disturbance You draw life force from something!
You feel life coursing into your body!
Your reaping aura is weakening.
The merfolk hits your merfolk zombie with a +0 trident!
You block the water elemental's attack.
Your merfolk impaler zombie barely misses the merfolk siren.
You block the merfolk impaler's attack.
Your manticore zombie bites the merfolk siren.
Your manticore zombie claws the merfolk siren.
Your manticore zombie claws the merfolk siren!
Your faun zombie barely misses the merfolk.
The merfolk siren chants its luring song.
Something hits you.
* * * LOW HITPOINT WARNING * * *
Something freezes you.
* * * LOW HITPOINT WARNING * * *
Your merfolk zombie hits the merfolk.
The water elemental closely misses you. You block the merfolk impaler's attack.
Your merfolk impaler zombie hits the merfolk siren.
Your merfolk zombie hits the merfolk.
Unknown command.
Casting: Vampiric Draining (safe; 0% risk of failure)
Confirm with . or Enter, or press ? or * to list all spells.
Aiming: Vampiric Draining (safe; 0% risk of failure)
Press: ? - help, Shift-Dir - straight line
Aim: Disturbance You draw life force from something!
You feel life coursing into your body. You block the water elemental's attack.
The merfolk barely misses your merfolk zombie.
The merfolk siren chants its luring song.
A shard of ice appears from out of thin air!
The shard of ice hits you!!!
You die...
Kikubaaqudgha rasps: "You have failed me!
Welcome... death!"

≈~~~~~~~~. ~~
≈≈≈~~P~~~.##.
≈~~~P~PP~...#
≈≈~P~PPPP~P..#
≈≈~P~PP~P~~(?#
≈≈≈≈P~P~~~Zmm.#
≈≈≈≈≈≈P~~~EZZm.#
≈≈≈≈≈≈~P~E{@ZZ.##
#≈≈≈≈≈≈P~~)E..~~.#
#≈≈≈≈≈≈≈~~~~~~~~.#
#≈≈≈≈≈≈~~)~†~~~~~~..
#≈≈≈≈≈≈~~~~~~~~~~~~.#
#≈≈≈≈≈~~~)~~~~~~~~~.#
#≈≈≈≈≈~~~)....~~~~~~.
#≈≈≈≈~~~.####..~~~~~.
#≈≈≈≈~~~## ..≈≈≈~


You could see a merfolk impaler, a merfolk (distracted, ally target), 3 water
elementals, a merfolk siren (mesmerising, distracted), a friendly manticore
zombie, 2 friendly merfolk zombies, a friendly merfolk impaler zombie and a
friendly faun zombie.

Vanquished Creatures
  An ironbound preserver (D:14)
  A stone giant (D:15)
  Azrael (D:15)
  5 merfolk impalers
  2 boulder beetles
  5 hydras
  5 centaur warriors
  An ogre mage (D:15)
  7 two-headed ogres
  A satyr (Shoals:2)
  4 death yaks (Lair:5)
  A merfolk aquamancer (Shoals:1)
  4 tengu warriors
  Urug (Lair:1)
  Sonja (D:10)
  A fire crab (Lair:5)
  A sea snake (Shoals:1)
  2 lindwurms (Lair:5)
  Pikel (D:5)
  A deep elf pyromancer (D:14)
  2 harpies (Shoals:2)
  11 ugly things
  4 cyclopes
  6 fauns
  8 black mambas
  A merfolk siren (Lair:3)
  6 manticores
  Joseph (D:9)
  An elephant (Lair:2)
  A gargoyle (D:8)
  8 cane toads
  8 komodo dragons
  2 unseen horrors (D:11)
  Psyche (D:9)
  3 rime drakes
  10 polar bears
  6 merfolk
  The ghost of xzight the Grasshopper, an amateur GnWr (D:4)
  6 trolls
  3 hornets
  Grinder (D:6)
  A wind drake (Shoals:1)
  4 blink frogs
  4 slime creatures (D:14)
  Prince Ribbit (Lair:2)
  4 wraiths
  33 yaks
  2 basilisks (Lair:5)
  A jumping spider (Lair:2)
  Eustachio (D:5)
  A water elemental (Shoals:1)
  4 fire elementals (D:15)
  5 wyverns
  12 vampire mosquitoes
  A redback (Lair:2)
  A steam dragon (D:9)
  6 wargs
  4 acid dragons
  8 water moccasins
  Duvessa (D:5)
  15 hell hounds
  8 orc warriors
  An ice beast (D:8)
  2 sky beasts (D:7)
  8 black bears
  20 wolves
  9 ogres
  12 centaurs
  3 kobold brigands
  A phantom (D:7)
  13 bullfrogs
  Blork the orc (D:5)
  2 necrophages
  2 gnoll sergeants
  5 wights (D:8)
  Dowan (D:5)
  A killer bee (D:9)
  A howler monkey (D:9)
  A crimson imp (D:8)
  5 hounds
  5 jellies
  3 gnoll boudas (D:6)
  Crazy Yiuf (D:5)
  11 orc priests
  2 iguanas
  13 orc wizards
  6 hell rats
  20 gnolls
  4 adders
  3 white imps
  2 ufetubi
  A worm (D:3)
  5 dart slugs
  51 orcs
  6 endoplasms
  5 giant cockroaches
  6 goblins
  5 hobgoblins
  3 jackals (D:3)
  2 quokkas
  6 ball pythons
  6 bats
  2 frilled lizards (D:2)
  18 kobolds
  6 rats
533 creatures vanquished.

Vanquished Creatures (collateral kills)
  Rupert (Lair:5)
  A merfolk impaler (Shoals:2)
  A hydra (D:14)
  A catoblepas (Lair:5)
  A centaur warrior (D:13)
  A death yak (Lair:5)
  A harpy (shapeshifter) (D:14)
  A harpy (Shoals:2)
  4 ugly things (D:15)
  A manticore (D:14)
  A deep elf pyromancer (D:14)
  A faun (Shoals:2)
  A guardian serpent (shapeshifter) (D:15)
  9 elephants
  A torpor snail (Lair:5)
  2 gargoyles (D:14)
  A rime drake (Lair:5)
  A rime drake (shapeshifter) (D:13)
  5 cane toads
  2 freezing wraiths (D:14)
  3 komodo dragons
  A merfolk (Shoals:2)
  4 polar bears
  11 blink frogs
  A raiju (Lair:5)
  A snapping turtle (Shoals:2)
  2 water elementals
  20 yaks
  A wyvern (D:11)
  A basilisk (Lair:3)
  4 vampire mosquitoes
  3 wargs (Lair:5)
  A hell hound (Lair:5)
  A water moccasin (Lair:1)
  An orc warrior (D:15)
  9 wolves
  5 black bears
  2 centaurs (D:15)
  2 kobold brigands (D:10)
  4 bullfrogs
  A gnoll sergeant (D:10)
  2 jellies (Lair:5)
  2 orc priests
  4 orcs
  5 kobolds
128 creatures vanquished.

Vanquished Creatures (others)
  2 yaktaur captains
  4 boulder beetles
  An ogre mage (D:15)
  2 hydras (D:15)
  A death knight (D:14)
  2 centaur warriors (D:10)
  3 two-headed ogres
  An alligator (Lair:4)
  A fire crab (Lair:4)
  4 ugly thing zombies (D:15)
  An orc knight (D:14)
  A wolf spider zombie (Lair:5)
  3 manticores
  An orc sorcerer (D:14)
  A faun (Shoals:2)
  A wolf spider (Lair:5)
  A torpor snail (Lair:3)
  A death yak zombie (Lair:5)
  2 cane toads
  A yaktaur (D:14)
  A yaktaur zombie (D:13)
  2 human zombies
  A komodo dragon (Lair:5)
  A harpy zombie (Shoals:2)
  2 merfolk (Shoals:2)
  A troll (shapeshifter) (D:13)
  A troll (D:14)
  A hydra zombie (D:15)
  A blink frog (Lair:5)
  A slime creature (D:14)
  A dream sheep (Lair:3)
  A boulder beetle zombie (D:14)
  A black mamba zombie (Lair:5)
  4 yaks
  A slime creature zombie (D:14)
  2 wyverns
  A redback (D:10)
  A faun zombie (Shoals:1)
  An acid dragon (D:11)
  2 water moccasins
  2 cane toad zombies
  An orc warrior (D:14)
  An ice beast (D:15)
  4 manticore zombies
  A black bear (Lair:5)
  5 blink frog zombies
  2 elephant zombies (Lair:5)
  A torpor snail zombie (Lair:5)
  2 rime drake zombies (Lair:5)
  A bullfrog (Lair:3)
  2 hell hound zombies
  2 komodo dragon zombies
  A cyclops zombie (D:14)
  2 water moccasin zombies (Lair:1)
  3 wyvern zombies
  3 polar bear zombies (Lair:5)
  2 troll zombies (D:13)
  A warg zombie (Lair:5)
  9 yak zombies
  A howler monkey (D:14)
  6 wolf zombies
  2 black bear zombies (Lair:5)
  2 bullfrog zombies
  3 centaur zombies (D:12)
  A basilisk zombie (Lair:5)
  3 orc wizards
  An acid dragon zombie (D:14)
  An ice beast zombie (D:15)
  A howler monkey zombie (D:14)
  2 adders
  An adder zombie (D:10)
  A worm (D:14)
  5 gnoll zombies
  A ball python (D:15)
  A ball python zombie (D:15)
  A frilled lizard (D:10)
  5 orc zombies
  30 fungi
  89 plants
263 creatures vanquished.

Grand Total: 924 creatures vanquished

Notes
Turn   | Place    | Note
-------+----------+-------------------------------------------
     0 | D:1      | devnull the Demonspawn Necromancer began the quest for the
                  | Orb.
     0 | D:1      | Reached XP level 1. HP: 13/13 MP: 3/3
   182 | D:1      | Reached skill level 1 in Fighting
   484 | D:1      | Gained mutation: When seriously injured, your blood forms
                  | armour. (AC +9) [demonic ancestry]
   484 | D:1      | Reached XP level 2. HP: 16/22 MP: 3/5
   682 | D:1      | Found a faded altar of an unknown god.
  1418 | D:2      | Reached XP level 3. HP: 21/28 MP: 6/6
  1638 | D:2      | Found a bloodstained altar of Trog.
  1780 | D:2      | Reached skill level 5 in Necromancy
  1889 | D:2      | HP: 1/28 [gnoll/+1 whip of electrocution (7)]
  1890 | D:2      | Gained mutation: A meltable shield of frost defends you.
                  | (SH +0) [demonic ancestry]
  1890 | D:2      | Reached XP level 4. HP: 1/34 MP: 1/7
  2190 | D:2      | Identified the +8 hand axe of Balance {freeze, Str+4 Int+4
                  | Dex+3}
  2194 | D:2      | Noticed a gnoll sergeant
  2194 | D:2      | Found the +3 woodcutter's axe {vorpal}
  2216 | D:2      | Killed a gnoll sergeant
  2217 | D:2      | Reached skill level 6 in Necromancy
  2617 | D:3      | Gained mutation: When seriously injured, your blood forms
                  | thick armour. (AC +9) [demonic ancestry]
  2617 | D:3      | Reached XP level 5. HP: 39/39 MP: 8/8
  3280 | D:3      | Reached skill level 7 in Necromancy
  3446 | D:3      | Learned a level 3 spell: Vampiric Draining
  3931 | D:3      | Reached XP level 6. HP: 45/46 MP: 9/9
  4189 | D:4      | Found Quttu's Lightly-Used Armoury.
  4190 | D:4      | You fall into a shaft and drop 1 floor!
  4190 | D:5      | Entered Level 5 of the Dungeon
  4641 | D:4      | Found a runed translucent gate.
  4641 | D:4      | Found a runed translucent gate.
  4641 | D:4      | Found a runed translucent gate.
  4644 | D:4      | Noticed xzight's ghost (amateur GnWr)
  4863 | D:4      | Identified the +1 eveningstar "Duli" {drain, rElec rPois
                  | rN++ Stlth+}
  5080 | D:5      | Noticed Eustachio
  5331 | D:5      | Killed Eustachio
  5332 | D:5      | Reached skill level 8 in Necromancy
  5345 | D:5      | Noticed Duvessa
  5355 | D:5      | Noticed Dowan
  5357 | D:5      | Noticed Pikel
  5366 | D:5      | Reached XP level 7. HP: 44/51 MP: 7/10
  5565 | D:5      | Reached skill level 9 in Necromancy
  6288 | D:5      | Killed Duvessa
  6289 | D:5      | Reached skill level 10 in Necromancy
  6301 | D:5      | Killed Dowan
  6470 | D:5      | Noticed Blork the orc
  6654 | D:5      | Killed Blork the orc
  6756 | D:5      | Gained mutation: A meltable icy envelope protects you from
                  | harm. (AC +0) [demonic ancestry]
  6756 | D:5      | Reached XP level 8. HP: 57/57 MP: 11/11
  6980 | D:5      | Learned a level 4 spell: Animate Dead
  7178 | D:5      | Found a runed translucent door.
  7179 | D:5      | Noticed Crazy Yiuf
  7419 | D:5      | Killed Pikel
  7420 | D:5      | Reached skill level 5 in Dodging
  7632 | D:6      | Noticed Grinder
  7886 | D:6      | Reached skill level 5 in Spellcasting
  7940 | D:6      | Paralysed by Grinder for 4 turns
  7949 | D:6      | Paralysed by Grinder for 3 turns
  7954 | D:6      | Killed Grinder
  7955 | D:6      | Reached XP level 9. HP: 31/62 MP: 11/17
  8834 | D:6      | Noticed a two-headed ogre
  9329 | D:7      | Reached skill level 11 in Necromancy
  9437 | D:7      | Learned a level 5 spell: Agony
  9640 | D:7      | Found a staircase to the Ecumenical Temple.
  9663 | Temple   | Entered the Ecumenical Temple
  9788 | Temple   | Became a worshipper of Kikubaaqudgha
 10016 | D:7      | Reached skill level 12 in Necromancy
 10218 | D:7      | Found an iron altar of Okawaru.
 10498 | D:7      | Found a shadowy altar of Dithmenos.
 10694 | D:7      | Found a snail-covered altar of Cheibriados.
 10782 | D:8      | Identified the +5 sling "Starlight" {vorpal, *Slow rElec
                  | rF+ Dex+4}
 10789 | D:8      | Found a basalt altar of Yredelemnul.
 10939 | D:8      | Learned a level 2 spell: Sublimation of Blood
 11354 | D:8      | Gained mutation: You have a pair of small horns on your
                  | head. [demonic ancestry]
 11354 | D:8      | Reached XP level 10. HP: 28/64 MP: 20/20
 11804 | D:8      | Noticed a gargoyle
 11899 | D:8      | Found an opulent altar of Gozag.
 11900 | D:8      | Found Gozag's Platinum Reserve.
 12121 | D:8      | Reached skill level 13 in Necromancy
 12799 | D:9      | Identified the +2 pair of gloves of Wyaror {-Tele Str+5}
 12838 | D:9      | Reached * piety under Kikubaaqudgha
 12838 | D:9      | Received a gift from Kikubaaqudgha
 12850 | D:9      | Reached skill level 14 in Necromancy
 13314 | D:9      | Found Datoff's Jewellery Emporium.
 13502 | D:9      | Found a staircase to the Orcish Mines.
 13535 | D:9      | Found a transporter.
 13541 | D:9      | Noticed a moth of wrath
 13541 | D:9      | Noticed a four-headed hydra
 13558 | D:9      | Noticed LustLizard's ghost (journeyman MiMo)
 13578 | D:9      | Noticed Joseph
 13601 | D:9      | Killed Joseph
 13602 | D:9      | Reached skill level 15 in Necromancy
 13692 | D:9      | Found a transporter.
 13934 | D:9      | Found a stormy altar of Qazlal.
 14495 | D:10     | Entered Level 10 of the Dungeon
 14588 | D:10     | Found a staircase to the Lair.
 14646 | D:10     | Noticed Psyche
 14688 | D:9      | Killed Psyche
 14689 | D:9      | Reached XP level 11. HP: 29/73 MP: 9/21
 15246 | D:10     | Reached skill level 16 in Necromancy
 15469 | D:10     | Identified the +2 scale mail of Joy {rElec Str-3 Slay+3}
 15542 | D:10     | Learned a level 4 spell: Anguish
 16183 | D:10     | Noticed Sonja
 16189 | D:10     | Killed Sonja
 16589 | D:9      | Bought a +4 ring of protection for 540 gold pieces
 16888 | D:11     | Noticed a two-headed ogre
 16984 | D:11     | Reached ** piety under Kikubaaqudgha
 17207 | D:11     | Noticed a boulder beetle
 17228 | D:11     | Killed a boulder beetle
 17229 | D:11     | Reached skill level 5 in Fighting
 17672 | D:11     | Killed a two-headed ogre
 17896 | D:11     | Reached skill level 1 in Shields
 18807 | D:6      | Killed a two-headed ogre
 18808 | D:6      | Gained mutation: You sometimes gain a little power by
                  | taking damage. [demonic ancestry]
 18808 | D:6      | Reached XP level 12. HP: 84/92 MP: 9/22
 18932 | D:4      | Killed xzight's ghost
 19115 | D:5      | Killed Crazy Yiuf
 19655 | D:12     | Found a runed translucent door.
 19786 | D:12     | Reached skill level 5 in Shields
 19898 | D:12     | Found a bloodstained altar of Trog.
 19930 | D:12     | Noticed a centaur warrior
 19942 | D:12     | Killed a centaur warrior
 20477 | D:12     | Noticed a boulder beetle
 20486 | D:12     | Noticed a six-headed hydra
 20537 | D:12     | Noticed a two-headed ogre
 20570 | D:11     | Killed a six-headed hydra
 21024 | D:12     | Noticed nroviw's ghost (journeyman TrGl)
 21024 | D:12     | Noticed a centaur warrior
 21411 | D:13     | Noticed a centaur warrior
 21434 | D:13     | Noticed a boulder beetle
 21445 | D:13     | Killed a centaur warrior
 21446 | D:13     | Reached skill level 5 in Axes
 21458 | D:13     | Killed a boulder beetle
 21771 | D:13     | Found a runed translucent gate.
 21772 | D:13     | Found a runed translucent gate.
 21772 | D:13     | Noticed a merfolk impaler
 21773 | D:13     | Found a runed translucent gate.
 21773 | D:13     | Noticed a merfolk impaler
 21773 | D:13     | Noticed a centaur warrior
 21774 | D:13     | Noticed a centaur warrior
 21774 | D:13     | Noticed Unie's ghost (journeyman GnWr)
 21781 | D:13     | Noticed a merfolk impaler
 21949 | D:13     | Noticed a two-headed ogre
 21952 | D:13     | Killed a two-headed ogre
 22098 | D:13     | Reached skill level 5 in Evocations
 22336 | D:13     | Found an iron altar of Okawaru.
 22365 | D:14     | Noticed a tengu warrior
 22376 | D:13     | Killed a tengu warrior
 22596 | D:14     | Identified a scroll of acquirement
 22598 | D:14     | Acquired 869 gold pieces
 22655 | D:12     | Killed a two-headed ogre
 22699 | D:9      | Bought a ring of willpower for 375 gold pieces
 22699 | D:9      | Bought an amulet of reflection for 450 gold pieces
 22783 | D:14     | Found a faded altar of an unknown god.
 22783 | D:14     | Found a faded altar of an unknown god.
 22783 | D:14     | Noticed a centaur warrior
 22788 | D:14     | Killed a centaur warrior
 22790 | D:14     | Found a hazy altar of Hepliaklqana.
 23242 | D:14     | Reached XP level 13. HP: 92/98 MP: 23/23
 23657 | D:14     | Found a gate to the Vaults.
 23657 | D:14     | Noticed an ironbound preserver
 24036 | D:14     | Killed an ironbound preserver
 24600 | D:15     | Entered Level 15 of the Dungeon
 24642 | D:15     | Noticed Azrael
 25045 | D:15     | Reached skill level 10 in Fighting
 25076 | D:15     | Reached *** piety under Kikubaaqudgha
 25076 | D:15     | Received a gift from Kikubaaqudgha
 25594 | D:15     | Killed Azrael
 25595 | D:15     | Reached XP level 14. HP: 41/114 MP: 11/24
 25876 | D:15     | Reached **** piety under Kikubaaqudgha
 25877 | D:15     | Reached skill level 1 in Armour
 25878 | D:15     | Found a staircase to the Depths.
 25878 | D:15     | Noticed a stone giant
 25887 | D:15     | Killed a stone giant
 26509 | Lair:1   | Entered Level 1 of the Lair of Beasts
 26789 | Lair:1   | Noticed Urug
 26799 | Lair:1   | Killed Urug
 27226 | Lair:1   | Reached skill level 5 in Armour
 28277 | Lair:2   | Noticed Prince Ribbit
 28344 | Lair:2   | Killed Prince Ribbit
 28598 | Lair:2   | Found a hole to the Spider Nest.
 28791 | Lair:3   | Found a staircase to the Shoals.
 29594 | Lair:3   | Identified the amulet "Loggideh" {RegenMP Str+2}
 30814 | Lair:4   | Found a runed translucent gate.
 30815 | Lair:4   | Found a runed translucent gate.
 30815 | Lair:4   | Found a runed translucent gate.
 30816 | Lair:4   | Noticed FexLirch's ghost (journeyman SpEn)
 30818 | Lair:4   | Noticed Gutwoarch's ghost (journeyman GnDe)
 30818 | Lair:4   | Noticed Qadapt's ghost (journeyman TeSu)
 30922 | Lair:5   | Entered Level 5 of the Lair of Beasts
 30936 | Lair:5   | Noticed Rupert
 31583 | Lair:5   | Reached ***** piety under Kikubaaqudgha
 31587 | Lair:5   | Found a staircase to the Slime Pits.
 31589 | Lair:5   | Found a viscous altar of Jiyva.
 31640 | Lair:5   | Killed Rupert
 31769 | Lair:5   | Gained mutation: You sometimes gain power by taking damage.
                  | [demonic ancestry]
 31769 | Lair:5   | Reached XP level 15. HP: 111/120 MP: 28/28
 31834 | Lair:5   | Reached skill level 10 in Spellcasting
 31842 | Lair:5   | Your ally Rupert died
 32172 | Lair:5   | Identified the +7 hand axe of Uhoasij {vorpal, Str+2 Int-4
                  | Dex+8}
 34207 | Lair:5   | Identified the +4 scale mail "Sowedim" {Fly Str+4}
 34657 | Lair:5   | Learned a level 4 spell: Dispel Undead
 34664 | Lair:5   | Learned a level 6 spell: Simulacrum
 34741 | Shoals:1 | Entered Level 1 of the Shoals
 35142 | Shoals:1 | Reached skill level 17 in Necromancy
 35833 | Shoals:1 | Reached ****** piety under Kikubaaqudgha
 37266 | Shoals:2 | Reached skill level 18 in Necromancy
 37286 | Shoals:2 | Noticed Ilsuiw
 37305 | Shoals:2 | Killed from afar by Ilsuiw

Illustrated notes

Levels and vault maps discovered:
D:1:      roderic_crossed_star, layout_basic,
          hellmonk_ecumenical_altar_heavens_door, nrook_uturn
D:2:      layout_basic, basic_altar, nicolae_kite_square_tiling_tiny,
          pf_guarded_unrand_woodcutter
D:3:      layout_loops_ring, serial_co_window_serial, co_window_paths_b,
          co_window_corner_a, co_window_paths_a, co_window_cross_1,
          co_window_corner_a, co_window_corner_b, co_window_unsneaky_path_c,
          co_window_broadway_b, co_window_4corner_b, co_window_paths_d,
          glass_columns_a, glass_columns_a, glass_columns_a
D:4:      layout_loops_ring, mainiacjoe_overflow_brackets,
          gammafunk_ghost_nasty_kobolds, minmay_shop_damaged
D:5:      layout_loops_ring, minmay_fountain_box, kennysheep_another_room,
          uniq_blork_the_orc, uniq_pikel, uniq_duvessa, uniq_eustachio,
          uniq_crazy_yiuf_cottage
D:6:      layout_rooms, zin_treasury, minmay_small_thing, uniq_grinder
D:7:      layout_basic, okawaru_gym_becter, mainiacjoe_overflow_two_lobes,
          minmay_temple_entry_mini_moons, minivault_11
D:8:      layout_basic, yredelemnul_altar_generic,
          nicolae_gozag_zags_fifth_avenue, dreamdust_princess_corridor,
          minmay_fire_ice_demons
D:9:      layout_basic, mainiacjoe_overflow_surrounded_room,
          minmay_orc_entry_guard_dogs, serial_shops, shop,
          gammafunk_ghost_berserking_beasts, st_stairs_7, uniq_joseph
D:10:     layout_grid_maze, lair_entry_dummy, minmay_unpleasant_kobolds,
          uniq_psyche, uniq_sonja
D:11:     layout_loops_cross, chequers_garden, hangedman_corner_corridor
D:12:     layout_rooms, serial_co_window_serial, co_window_paths_b,
          co_window_paths_b, co_window_cross_1, co_window_of_opportunity_a,
          co_window_paths_a, co_window_paths_a, co_window_of_opportunity_b,
          co_window_paths_c, co_window_broadway_c, co_window_corner_b,
          co_window_sun, co_window_4corner_a, glass_columns_b, glass_columns_a,
          glass_columns_b, ebering_ghost_inner_flame, trog_antimagical
D:13:     layout_loops_cross, gammafunk_ghost_fury_of_okawaru
D:14:     layout_long_grid, skrybe_vaults_entry_preservation,
          minmay_tree_intersection, nicolae_hepliaklqana_ecumenical_no_more
D:15:     grunt_enter_depths_snipers, layout_cave_pods, special_room
          [special_room_orc], uniq_azrael
Temple:   nicolae_temple_superstar
Lair:1:   layout_cave_pods, beast_lair_carwin_8, uniq_urug
Lair:2:   layout_hall_layers, spider_nest_entry_a, uniq_prince_ribbit2
Lair:3:   layout_layer_cave, minmay_shoals_entry_lonely_mermaid,
          chequers_serial_rivers_small_3, grunt_megastairs_2
Lair:4:   layout_big_grid, gammafunk_ghost_cemetery
Lair:5:   hangedman_lair_caniforms_friends, layout_hall_layers,
          hangedman_lair_in_review, nicolae_slime_entry_slimehenge,
          cheibrodos_lair_lostbears, uniq_rupert
Shoals:1: layout_shoals
Shoals:2: layout_shoals, nicolae_shoals_dead_sea_scrolls, uniq_nikola,
          uniq_ilsuiw

Skill      XL: |  1  2  3  4  5  6  7  8  9 10 11 12 13 14 15 |
---------------+----------------------------------------------+-----
Fighting       | 1 2 8 11 12 | 12.0
Necromancy     | 5 6 7 8 10 12 15 16 18 | 18.0
Dodging        | 3 5 |  5.0
Spellcasting   | 5 7 9 12 | 12.0
Shields        | 3 5 8 |  8.1
Axes           | 5 6 |  6.1
Evocations     | 7 8 |  8.0
Armour         | 8 |  8.0
Stealth        | |  1.7

Action                   |  1- 3 |  4- 6 |  7- 9 | 10-12 | 13-15 || total
-------------------------+-------+-------+-------+-------+-------++-------
Melee: Unarmed           |    18 |       |       |       |       ||    18
       Whip              |     8 |       |       |       |       ||     8
       Short sword       |    52 |       |       |       |       ||    52
       Battleaxe         |       |   129 |   295 |    58 |       ||   482
       Hand axe          |       |     3 |       |   300 |   506 ||   809
       Headbutt          |       |       |       |    95 |   125 ||   220
 Fire: Sling             |       |     2 |    26 |    80 |     4 ||   112
Throw: Stone             |     5 |     6 |     5 |       |       ||    16
       Dart              |       |     1 |     4 |       |       ||     5
 Cast: Necrotise         |    14 |     8 |    22 |    45 |    37 ||   126
       Vampiric Draining |       |     2 |    35 |   173 |   483 ||   693
       Sublimation of Bl |       |       |     3 |    24 |    76 ||   103
       Animate Dead      |       |       |     2 |    12 |    23 ||    37
       Anguish           |       |       |       |    12 |     6 ||    18
       Simulacrum        |       |       |       |       |     1 ||     1
Invok: Unearth Wretches  |       |       |       |     5 |     8 ||    13
Evoke: Wand              |       |       |     3 |       |       ||     3
  Use: Scroll            |     4 |     3 |     6 |     7 |    14 ||    34
       Potion            |       |       |       |     1 |     6 ||     7
 Stab: Sleeping          |     2 |     3 |     4 |     3 |     1 ||    13
       Distracted        |       |       |       |     3 |     7 ||    10
       Paralysed         |       |       |       |     4 |     2 ||     6
       Invisible         |       |       |       |     1 |       ||     1
Armor: Robe              |    20 |    32 |   136 |    30 |       ||   218
       Steam dragon scal |       |       |       |   251 |   355 ||   606
Dodge: Dodged            |    54 |    65 |   186 |   339 |   536 ||  1180
Block: Other             |       |    15 |    52 |    22 |       ||    89
       Kite shield       |       |       |       |   382 |  1267 ||  1649
       Reflection        |       |       |       |     3 |    47 ||    50
